 Dungeon Crawl Stone Soup version 0.21.1-1-g345015f (webtiles) character file.

94 KeyboardFingers the Chopper (level 4, -2/44 HPs)
             Began as a Troll Berserker on June 10, 2018.
             Was a Believer of Cheibriados.
             Slain by an orc priest
             ... wielding a +0 dagger
              (5 damage)
             ... on level 3 of the Dungeon.
             The game lasted 00:17:57 (1885 turns).

KeyboardFingers the Chopper (Troll Berserker)       Turns: 1885, Time: 00:18:00

Health: -2/44      AC:  5    Str: 30    XL:     4   Next: 38%
Magic:  3/3        EV: 11    Int:  7    God:    Cheibriados [**....]
Gold:   183        SH:  5    Dex: 13    Spells: 3/3 levels left

rFire    + . .     SeeInvis .   h - +0 hand axe
rCold    + . .     Gourm    +   (no shield)
rNeg     . . .     Faith    .   b - +0 animal skin
rPois    +         Spirit   .   (helmet restricted)
rElec    +         Reflect  +   (no cloak)
rCorr    +         Harm     .   (gloves unavailable)
MR       .....                  (boots unavailable)
Stlth    +.........             q - +5 amulet of reflection
HPRegen  0.54/turn              o - ring of flight
MPRegen  0.08/turn              p - ring of poison resistance

@: resistant, very slow
A: large, unfitting armour, claws 3, fast metabolism 3, gourmand, regeneration
1, shaggy fur 1, tough skin 2
a: Bend Time, Renounce Religion, Evoke Flight


You were on level 3 of the Dungeon.
You worshipped Cheibriados.
Cheibriados was pleased with you.
You were full.

You visited 1 branch of the dungeon, and saw 3 of its levels.

You collected 183 gold pieces.

Inventory:

Hand Weapons
 a - a +0 hand axe
 h - a +0 hand axe (weapon)
Missiles
 d - 11 poisoned needles (quivered)
 i - 7 javelins
Armour
 b - a +0 animal skin (worn)
 n - a +2 helmet of see invisible
 t - a +0 chain mail
 u - a +0 pair of gloves
Jewellery
 o - a ring of flight (left claw)
 p - a ring of poison resistance (right claw)
 q - a +5 amulet of reflection (around neck)
Scrolls
 f - 3 scrolls of remove curse {unknown}
 g - a scroll of enchant weapon {unknown}
 j - 3 scrolls of identify
 l - 2 scrolls of fear {unknown}
Comestibles
 c - 6 rations


   Skills:
 + Level 2.9 Fighting
 + Level 3.5 Axes
 + Level 3.0 Dodging
 + Level 0.1 Stealth


You had 3 spell levels left.
You didn't know any spells.

Dungeon Overview and Level Annotations

Branches:
Dungeon (3/15)

Altars:
Cheibriados
Gozag
Uskayaw


Innate Abilities, Weirdness & Mutations

You are too large for most types of armour.
You have claws for hands.
Your metabolism is lightning-fast.
You like to eat raw meat.
Your natural rate of healing is unusually fast.
You are covered in fur. (AC +1)
You have very tough skin. (AC +2)


Message History

The orc priest closely misses you. Something completely misses you.
You feel protected.
The orc priest hits you but does no damage.
Something hits you but does no damage.
You hit the orc priest.
The orc priest is heavily wounded.
You closely miss something. You hit the rat.
The orc priest looks braver for a moment.
Something hits you.
* * * LOW HITPOINT WARNING * * *
The rat barely misses you. Something hits you.
* * * LOW HITPOINT WARNING * * *
The orc priest barely misses you.
You hit the orc priest.
The orc priest is heavily wounded.
You slash the rat!
You kill the rat!
Cheibriados thoroughly appreciates the change of pace.
You barely miss something. The orc priest hits you with a dagger.
You die...

# #....#
#.#.##.#
#.#.##.#
#.#.##.#
#.#.##.#
#.#.##.#
#.#.##.## .
#.#.#...###..o
#.@)..........
.
##.o{....###.#.
#
#..)).†......#
#
##.....#######
#. ##...## ####
##.# ##....
.....##.##
###### #......
#.##.## #......


You could see an orc priest.

Vanquished Creatures
  2 adders
  2 oozes (D:1)
  2 worms (D:2)
  A dart slug (D:2)
  2 leopard geckos
  2 orcs (D:3)
  3 giant cockroaches
  2 goblins (D:3)
  8 hobgoblins
  8 jackals
  A quokka (D:2)
  2 bats
  4 frilled lizards
  6 kobolds
  10 rats
55 creatures vanquished.

Vanquished Creatures (others)
  2 orcs (D:3)
2 creatures vanquished.

Grand Total: 57 creatures vanquished

Notes
Turn   | Place    | Note
-------+----------+-------------------------------------------
     0 | D:1      | KeyboardFingers the Troll Berserker began the quest for the Orb.
     0 | D:1      | Reached XP level 1. HP: 22/22 MP: 0/0
    57 | D:1      | Reached XP level 2. HP: 20/29 MP: 1/1
   338 | D:1      | Reached XP level 3. HP: 35/36 MP: 2/2
   662 | D:2      | Found an opulent altar of Gozag.
   735 | D:2      | Reached ** piety under Trog
   981 | D:2      | Found a faded altar of an unknown god.
  1023 | D:2      | Fell from the grace of Trog
  1023 | D:2      | Became a worshipper of Cheibriados the Contemplative
  1023 | D:2      | Reached * piety under Cheibriados
  1412 | D:3      | Found a hide-covered altar of Uskayaw.
  1528 | D:3      | Reached XP level 4. HP: 44/44 MP: 3/3
  1734 | D:3      | Reached ** piety under Cheibriados
  1885 | D:3      | Slain by an orc priest

Skill      XL: |  1  2  3 |
---------------+----------+-----
Axes           | 3 |  3.5
Dodging        | 3 |  3.0
Fighting       | |  2.9
Stealth        | |  0.1

Action                   |  1- 3 |  4- 6 || total
-------------------------+-------+-------++-------
Melee: Hand axe          |   149 |    44 ||   193
  Use: Scroll            |     2 |       ||     2
       Potion            |     4 |     5 ||     9
 Stab: Invisible         |     1 |     2 ||     3
  Eat: Chunk             |    11 |     3 ||    14
       Ration            |     1 |       ||     1
Armor: Animal skin       |    54 |    28 ||    82
Dodge: Dodged            |    72 |    34 ||   106
Block: Other             |    10 |    11 ||    21
